 Dungeon Crawl Stone Soup version 0.31-a0-182-gc5ef74bbde (webtiles) character file.

Game seed: 3425585917399930565

518 innerfire43 the Chopper (level 7, -3/55 HPs)
             Began as a Demonspawn Monk on June 20, 2023.
             Was an Initiate of Yredelemnul.
             Killed by divine providence
             ... invoked by an orc priest
              (14 damage)
             ... on level 5 of the Dungeon.
             The game lasted 00:05:38 (3323 turns).

innerfire43 the Chopper (Demonspawn Monk)           Turns: 3323, Time: 00:05:39

Health: -3/55      AC:  9    Str: 19    XL:     7   Next: 1%
Magic:  0/7        EV: 13    Int: 16    God:    Yredelemnul [......]
Gold:   252        SH:  0    Dex: 16    Spells: 6/6 levels left

rFire   . . .        z - +3 mace
rCold   . . .        d - orb {light}
rNeg    . . .        e - +2 robe
rPois   .            (helmet restricted)
rElec   .            l - +0 cloak
rCorr   .            (no gloves)
SInv    .            (no boots)
Will    .....        n - amulet "Oshreitu" {Spirit Int+3} Stlth
                     h - +4 ring of protection
HPRegen 0.29/turn    k - +6 ring of strength
MPRegen 0.10/turn

%: guardian spirit
@: silenced (expiring), weak-willed, glowing
A: antennae 2, big brain 1, demonic magic 2
a: Renounce Religion


You were on level 5 of the Dungeon.
You worshipped Yredelemnul.
Yredelemnul was noncommittal.
You visited 1 branch of the dungeon, and saw 5 of its levels.

You collected 252 gold pieces.

Inventory:

Hand Weapons
 a - a +0 hand axe
 v - a +2 short sword of electrocution
 z - a +3 mace (weapon)
Armour
 b - a +0 robe
 d - an orb of light (worn)
 e - a +2 robe (worn)
 l - a +0 cloak (worn)
Jewellery
 h - a +4 ring of protection (left hand)
 k - a +6 ring of strength (right hand)
 n - the amulet "Oshreitu" (around neck) {Spirit Int+3}
   (You acquired it on level 3 of the Dungeon)

   [amulet of guardian spirit]

   It causes incoming damage to be divided between your reserves of health and
   magic.
   Int:       It affects your intelligence (+3).
 q - a ring of magical power
 y - a +4 ring of protection
Wands
 t - a wand of charming (15)
Scrolls
 f - a scroll of poison
 g - 2 scrolls of identify
 i - 2 scrolls of noise
 w - a scroll of enchant weapon {unknown}
 x - a scroll of immolation {unknown}
 B - a scroll of enchant armour {unknown}
Potions
 c - 2 potions of might
 j - 2 potions of attraction {unknown}
 m - a potion of brilliance {unknown}
 o - 2 potions of haste {unknown}
 u - a potion of heal wounds {unknown}
 A - a potion of invisibility {unknown}
 C - a potion of berserk rage {unknown}


   Skills:
 + Level 4.5 Fighting
 - Level 6.3 Axes
 * Level 0.2(3.9) Maces & Flails
 - Level 3.1 Dodging


You had 6 spell levels left.
You didn't know any spells.
Your spell library contained the following spells:

 Spells                   Type           Power      Damage    Failure   Level
 Haunt                    Necr/Summ      0%         N/A       100%        7
 Infestation              Necr           0%         N/A       100%        8
 Animate Dead             Necr           Unusable   N/A       N/A         4

Dungeon Overview and Level Annotations

Branches:
Dungeon (5/15)             Temple (0/1) D:4

Altars:
Ashenzari
Fedhas
Yredelemnul


Innate Abilities, Weirdness & Mutations

You have a pair of antennae on your head.
You have an unusually large brain. (Int +2)
Spells you cast may paralyse nearby enemies.


Message History

You barely miss the gnoll.
The gnoll is heavily wounded.
The gnoll barely misses you. x2
You barely miss the gnoll.
The gnoll is heavily wounded.
The gnoll hits you but does no damage. The gnoll closely misses you.
You hit the gnoll.
The gnoll is severely wounded.
The gnoll hits you with a +0 club. The gnoll completely misses you.
You hit the gnoll.
You kill the gnoll!
The gnoll barely misses you. The gnoll hits you but does no damage.
The gnoll hits you from afar with a +0 halberd!
The gnoll hits you but does no damage.
You have reached level 7!
You swap places.
The gnoll hits your orc zombie with a +0 halberd!
Your orc zombie is destroyed!
You see here a +0 flail.
The gnoll barely misses you.
You see here a +0 flail.
You hit the gnoll.
The gnoll is lightly wounded.
The gnoll barely misses you. x2
You hit the gnoll but do no damage.
The gnoll is lightly wounded.
The gnoll hits you from afar with a +0 halberd.
The orc priest begins to cast a cantrip, but forgets the words!
The gnoll closely misses you.
You hit the gnoll.
The gnoll is moderately wounded.
The gnoll misses you. The gnoll hits you but does no damage.
You barely miss the gnoll.
The gnoll is moderately wounded.
The gnoll hits you from afar with a +0 halberd!
* * * LOW HITPOINT WARNING * * *
The orc priest calls down the wrath of Beogh upon you.
Beogh smites you!
You die...
Your body rises from the dead as a mindless zombie.

##..................#
.#...................#
....................##
#................>###
#..............###
#..........#####
####....#### ##..##
##@# #g# #g#{
#oo...... .........
.......... #..........
#..........
.#.........


You could see an orc priest, 2 gnolls and an orc.

Vanquished Creatures
  Duvessa (D:4)
  An ogre (D:5)
  Dowan (D:4)
  2 hounds
  Terence (D:2)
  An orc wizard (D:4)
  Robin (D:2)
  An adder (D:2)
  4 gnolls
  A shadow imp (D:3)
  An ufetubus (D:4)
  10 orcs
  2 ball pythons (D:2)
  2 endoplasms
  4 giant cockroaches
  20 goblins
  12 hobgoblins
  3 quokkas
  2 bats
  8 frilled lizards
  4 kobolds
  7 rats
89 creatures vanquished.

Vanquished Creatures (others)
  A goblin zombie (D:4)
  A hobgoblin zombie (D:4)
  2 orc zombies
  A spectral ufetubus (D:4)
5 creatures vanquished.

Grand Total: 94 creatures vanquished

Notes
Turn   | Place    | Note
-------+----------+-------------------------------------------
     0 | D:1      | innerfire43 the Demonspawn Monk began the quest for the
                  | Orb.
     0 | D:1      | Reached XP level 1. HP: 18/18 MP: 1/1
   267 | D:1      | Gained mutation: Spells you cast may paralyse adjacent
                  | enemies. [demonic ancestry]
   267 | D:1      | Reached XP level 2. HP: 24/24 MP: 2/2
   302 | D:1      | Reached skill level 3 in Axes
   937 | D:2      | Gained mutation: Spells you cast may paralyse nearby
                  | enemies. [demonic ancestry]
   937 | D:2      | Reached XP level 3. HP: 28/29 MP: 3/3
   938 | D:2      | Noticed Robin
   951 | D:2      | Killed Robin
  1211 | D:2      | Gained mutation: You have a pair of small antennae on your
                  | head. [demonic ancestry]
  1211 | D:2      | Reached XP level 4. HP: 35/35 MP: 4/4
  1555 | D:2      | Noticed Terence
  1568 | D:2      | Killed Terence
  1569 | D:2      | Reached skill level 4 in Axes
  1922 | D:3      | Gained mutation: You have an unusually large brain. (Int
                  | +2) [demonic ancestry]
  1922 | D:3      | Reached XP level 5. HP: 10/42 MP: 5/5
  2073 | D:3      | Found a faded altar of an unknown god.
  2089 | D:3      | Prayed at the altar of an unknown god.
  2089 | D:3      | Became a worshipper of Yredelemnul the Dark
  2089 | D:3      | Reached * piety under Yredelemnul
  2089 | D:3      | Reached ** piety under Yredelemnul
  2353 | D:3      | Identified a scroll of acquirement
  2353 | D:3      | Acquired the amulet "Oshreitu" {Spirit Int+3}
  2414 | D:4      | Noticed Duvessa
  2429 | D:4      | Noticed Dowan
  2439 | D:4      | Killed Duvessa
  2440 | D:4      | Reached skill level 5 in Axes
  2442 | D:4      | HP: 1/42 [Dowan/shard of ice (9)]
  2444 | D:4      | Killed Dowan
  2445 | D:4      | Gained mutation: You have a pair of antennae on your head.
                  | [demonic ancestry]
  2445 | D:4      | Reached XP level 6. HP: 2/48 MP: 2/6
  2685 | D:4      | Found a staircase to the Ecumenical Temple.
  2779 | D:4      | Found a blossoming altar of Fedhas.
  2794 | D:4      | Found a broken altar of Ashenzari.
  3122 | D:5      | Entered Level 5 of the Dungeon
  3132 | D:5      | Reached skill level 6 in Axes
  3317 | D:5      | Reached XP level 7. HP: 20/55 MP: 4/7
  3323 | D:5      | Killed from afar by an orc priest

Illustrated notes

Levels and vault maps discovered:
D:1:      dpeg_arrival_more_subterranean_lakeside_camping, layout_basic
D:2:      layout_basic, minmay_small_reverse_x, uniq_terence, uniq_robin
D:3:      layout_rooms, lemuel_crystal_altar,
          ebering_ecumenical_altar_petrified, serial_rivers,
          chequers_serial_rivers_small_b, chequers_serial_rivers_micro_c,
          chequers_serial_rivers_small_a, chequers_serial_rivers_large_b,
          chequers_serial_rivers_micro_e, chequers_serial_rivers_small_a
D:4:      layout_cave_pools, mainiacjoe_overflow_tiny_flanked,
          nicolae_overflow_crystal_walls, minmay_temple_entry_water_ring,
          sigmund_army, uniq_duvessa
D:5:      layout_cave_pods

Skill      XL: |  1  2  3  4  5  6 |
---------------+-------------------+-----
Axes           | 3 4 5 6 |  6.3
Dodging        | 3 |  3.1
Fighting       | 4 |  4.5
Maces & Flails | |  0.2

Action                     |  1- 3 |  4- 6 |  7- 9 || total
---------------------------+-------+-------+-------++-------
  Melee: Hand axe          |    96 |   146 |       ||   242
         Mace              |       |    11 |     4 ||    15
    Use: Potion            |       |     6 |       ||     6
         Scroll            |       |     6 |       ||     6
   Stab: Distracted        |       |     1 |       ||     1
 Armour: Robe              |    26 |    54 |     1 ||    81
  Dodge: Dodged            |    52 |   127 |     5 ||   184

Table legend: (Time is in decaauts)
 A = Elapsed time spent in this place.
 B = Non-inter-level travel time spent in this place.
 C = Inter-level travel time spent in this place.
 D = Time resting spent in this place.
 E = Time spent auto-exploring this place.
 F = Levels seen in this place.
 G = Mean time per level.
                   A        B        C        D        E       F      G
               +--------+--------+--------+--------+--------+-----+--------+
         Total |   3381 |   3235 |    146 |      0 |   2564 |   5 |  676.2 |
       Dungeon |   3381 |   3235 |    146 |      0 |   2564 |   5 |  676.2 |
               +--------+--------+--------+--------+--------+-----+--------+

Top non-repeatable levels by time:
     D:1: 931 daAuts
     D:2: 796 daAuts
     D:4: 738 daAuts
     D:3: 711 daAuts
     D:5: 203 daAuts
